 Dungeon Crawl Stone Soup version 0.28-a0-1233-g92def6ad0a (webtiles) character file.

Game seed: 4237192458946528819

5156 Lekart the Cleaver (level 10, -11/68 HPs)
             Began as a Pale Draconian Chaos Knight on Dec 23, 2021.
             Was a Plaything of Xom.
             Mangled by an orc warlord (26 damage)
             ... in a bailey.
             The game lasted 00:18:12 (8571 turns).

Lekart the Cleaver (Pale Draconian Chaos Knight)    Turns: 8571, Time: 00:18:12

Health: -11/68     AC: 13    Str: 15    XL:     10   Next: 33%
Magic:  0/10       EV: 18    Int: 16    God:    Xom [.....*]
Gold:   207        SH:  0    Dex: 15    Spells: 9/9 levels left

rFire   . . .      SeeInvis +   t - +12 battleaxe "Duamad" {pain, +Blink Will- rCorr Int+4}
rCold   + . .      Faith    .   (shield currently unavailable)
rNeg    . . .      Spirit   +   (armour unavailable)
rPois   .          Reflect  .   (helmet restricted)
rElec   .          Harm     .   s - +1 cloak
rCorr   +          Rampage  .   (no gloves)
Will    .....                   (no boots)
Stlth   +.........              c - amulet "Ezxenu" {Spirit Regen+}
HPRegen 1.01/turn               n - +4 ring of protection
MPRegen 0.12/turn               w - ring of the Lobster {*Slow rC+ EV+4 SInv}

@: mighty, invisible
A: breathe steam, AC +7, unfitting armour, cold-blooded, steam resistance,
talons 1, frail 2
a: Breathe Steam, Renounce Religion, Evoke Blink


You were in a bailey.
You worshipped Xom.
You were Xom's teddy bear.
You visited 2 branches of the dungeon, and saw 10 of its levels.
You also visited: Ossuary and Bailey.

You collected 454 gold pieces.
You spent 247 gold pieces at shops.

Inventory:

Hand Weapons
 e - a +6 war axe of freezing
 h - a +3 scimitar of flaming
 t - the +12 battleaxe "Duamad" (weapon) {pain, +Blink Will- rCorr Int+4}
   (You found it on level 6 of the Dungeon)

   In the hands of one skilled in necromantic magic, it inflicts extra damage on
   living creatures.
   Int:       It affects your intelligence (+4).
   +Blink:    It lets you blink.
   rCorr:     It protects you from acid and corrosion.
   Will:      It decreases your willpower.
Missiles
 d - 24 boomerangs (quivered)
 r - a throwing net
Armour
 k - a +0 kite shield
 s - a +1 cloak (worn)
 z - the -1 buckler of the Butterfly {Will+ Str+4 Dex+7}
   (You bought it in a shop on level 8 of the Dungeon)

   Str:       It affects your strength (+4).
   Dex:       It affects your dexterity (+7).
   Will:      It increases your willpower.
Jewellery
 c - the amulet "Ezxenu" (around neck) {Spirit Regen+}
   (You acquired it on level 4 of the Dungeon)

   [amulet of guardian spirit]

   It causes incoming damage to be divided between your reserves of health and
   magic.
   Regen:     It increases your rate of health regeneration.
 j - a ring of protection from cold
 m - a ring of flight
 n - a +4 ring of protection (left hand)
 w - the ring of the Lobster (right hand) {*Slow rC+ EV+4 SInv}
   (You acquired it on level 6 of the Dungeon)

   [ring of evasion]

   EV:        It affects your evasion (+4).
   rC:        It protects you from cold.
   SInv:      It lets you see invisible.
   *Slow:     It may slow you when you take damage.
Wands
 y - a wand of charming (3)
Scrolls
 l - 5 scrolls of teleportation
 q - 2 scrolls of blinking
 u - a scroll of vulnerability
Potions
 a - 2 potions of might
 b - 2 potions of mutation
 f - 4 potions of curing
 g - a potion of invisibility
 i - 3 potions of heal wounds
 o - 4 potions of flight
 p - a potion of magic {unknown}


   Skills:
 + Level 7.4 Fighting
 + Level 11.3 Axes
 + Level 1.1 Throwing
 + Level 5.3 Dodging
 - Level 4.3 Shields
 * Level 4.9 Necromancy
 + Level 1.1 Evocations


You had 9 spell levels left.
You didn't know any spells.
Your spell library contained the following spells:

 Spells                   Type           Power      Damage    Failure   Level
 Sandblast                Erth           0%         2d4       26%         1
 Summon Small Mammal      Summ           0%         N/A       26%         1
 Passwall                 Tmut/Erth      0%         N/A       36%         2
 Call Canine Familiar     Summ           0%         N/A       58%         3
 Gell's Gravitas          Tloc           0%         N/A       58%         3
 Lesser Beckoning         Tloc           0%         N/A       58%         3
 Portal Projectile        Hex/Tloc       0%         N/A       58%         3
 Stone Arrow              Conj/Erth      0%         3d7       58%         3
 Summon Guardian Golem    Hex/Summ       0%         N/A       58%         3
 Teleport Other           Tloc           0%         N/A       58%         3
 Excruciating Wounds      Necr           7%         N/A       67%         5
 Blade Hands              Tmut           0%         N/A       100%        5


Dungeon Overview and Level Annotations

Branches:
Dungeon (9/15)             Temple (1/1) D:5             Orc (0/2) D:9
Ossuary (visited)          Bailey (1/1)
   Lair: D:8-11

Altars:
Ashenzari
Cheibriados
Dithmenos
Elyvilon
Fedhas
Gozag
Hepliaklqana
Kikubaaqudgha
Makhleb
Nemelex Xobeh
Okawaru
Qazlal
Ru
Sif Muna
Trog
Uskayaw
Vehumet
Wu Jian
Xom
Yredelemnul
Zin
The Shining One

Shops:
D:8 :[!*[   D:9 *


Innate Abilities, Weirdness & Mutations

You can breathe blasts of scalding, opaque steam.
Your pale cyan-grey scales are hard. (AC +7)
You cannot fit into any form of body armour.
You are cold-blooded and may be slowed by cold attacks.
You are immune to the effects of steam.
You have sharp toenails.
You are very frail. (-20% HP)


Message History

The orc warlord hits you with a +0 war axe!!
The orc warlord hits you with a +0 war axe!
You hit the orc warlord. You claw the orc warlord.
The orc warlord is moderately wounded.
The orc warlord closely misses you.
You slash the orc warlord!
The orc warlord is moderately wounded.
You slash the gnoll!
The gnoll writhes in agony.
The orc warlord barely misses you.
You slash the orc warlord! Your kick misses the orc warlord.
Your tail-slap misses the orc warlord.
The orc warlord is heavily wounded.
You catch the helpless gnoll completely off-guard!
You slash the gnoll!
You kill the gnoll!
The orc warlord misses you.
You barely miss the orc warlord.
You tail-slap the orc warlord, but do no damage.
The orc warlord is heavily wounded.
Xom momentarily opens a gate.
The orc warlord completely misses you.
You barely miss the orc warlord. You claw the orc warlord.
The orc warlord is heavily wounded.
You catch the helpless orc completely off-guard!
You slice the orc!!
You kill the orc!
The orc warlord misses you.
You catch the helpless orc warlord completely off-guard!
You slice the orc warlord!!
The orc warlord writhes in agony.
The orc warlord is severely wounded.
The orc warlord hits you with a +0 war axe!!
* * * LOW HITPOINT WARNING * * *
Xom is mildly amused.
The orc warlord hits your ice devil with a +0 war axe!
Your ice devil hits the orc warlord but does no damage.
You hit the orc warlord.
The orc warlord writhes in agony.
The orc warlord is severely wounded.
The orc warlord hits you with a +0 war axe!!
You die...
Xom laughs nastily!

..(≈≈≈.# ..∩.... #.≈≈≈...∩
..(≈≈≈)#≈......... #.≈≈≈(..♣
.(.≈≈≈.#≈≈.8...8.≈ #.≈≈≈...♣
♣..###)###.......###'###..♣♣
♣.##....#≈.8...8.≈#....##.♣
♣##.....#≈≈≈≈≈≈≈≈≈#.....##♣
##......####≈≈≈####......##
#...8......#'''#5.....8...#
#..............o@.........#
#..............)4)........#
##..8..8........)..8..8..##
##.......#######.......##
##.....## ##.....## ##...##
##...## ##### #####


You could see an orc warlord (ally target), a friendly ice devil (summoned) and
a friendly white imp (summoned).

Vanquished Creatures
  Erica (D:8)
  A two-headed ogre (D:8)
  An orc knight (Bailey)
  Psyche (D:8)
  Sigmund (D:4)
  A wyvern (D:8)
  A water moccasin (D:8)
  3 orc warriors
  A hornet zombie (D:7)
  A sky beast (D:8)
  2 black bears
  An ogre (D:4)
  A centaur (D:7)
  An elf zombie (Ossuary)
  2 bullfrogs (D:6)
  A wyvern zombie (D:6)
  3 scorpions
  6 killer bees
  2 howler monkeys (D:8)
  An electric eel (D:7)
  A bullfrog zombie (D:6)
  2 centaur zombies
  5 hounds
  A human zombie (Ossuary)
  2 jellies (D:4)
  3 centaur skeletons
  2 orc priests
  Crazy Yiuf (D:4)
  3 iguanas
  2 orc wizards
  2 mummies (Ossuary)
  A hound skeleton (D:4)
  Robin (D:4)
  2 howler monkey zombies (D:8)
  2 gnolls (Bailey)
  5 adders
  2 adder skeletons (D:4)
  4 adder zombies (Ossuary)
  A worm (D:3)
  2 dart slugs
  24 orcs
  3 endoplasms
  4 giant cockroaches
  18 goblins
  13 hobgoblins
  5 jackals
  5 ball pythons
  9 bats
  2 frilled lizards (D:2)
  8 hobgoblin zombies (Ossuary)
  5 jackal zombies (Ossuary)
  24 kobolds
  9 kobold zombies (Ossuary)
  9 orc zombies (Ossuary)
  7 rats
221 creatures vanquished.

Vanquished Creatures (collateral kills)
  Duvessa (D:5)
  A scorpion (D:5)
  Dowan (D:5)
  A wight (D:4)
  A centaur skeleton (D:5)
  An iguana (D:4)
  An orc wizard (D:9)
  3 gnolls (D:5)
  A white imp (D:4)
  An ufetubus (D:5)
  An endoplasm (D:4)
13 creatures vanquished.

Vanquished Creatures (others)
  A gnoll (D:4)
  A butterfly (D:4)
  2 fungi (D:2)
  A plant (D:2)
5 creatures vanquished.

Grand Total: 239 creatures vanquished

Notes
Turn   | Place    | Note
-------+----------+-------------------------------------------
     0 | D:1      | Lekart the Draconian Chaos Knight began the quest for the
                  | Orb.
     0 | D:1      | Reached XP level 1. HP: 19/19 MP: 1/1
   164 | D:1      | XOM: silly message
   165 | D:1      | Reached XP level 2. HP: 23/26 MP: 2/2
   288 | D:1      | XOM: noise
   424 | D:1      | XOM: 4-stop teleportation journey
   670 | D:1      | XOM: silly message
  1139 | D:2      | Reached XP level 3. HP: 16/33 MP: 3/3
  1604 | D:2      | XOM: silly message
  1696 | D:2      | Reached skill level 4 in Axes
  1697 | D:2      | Found a hide-covered altar of Uskayaw.
  1729 | D:2      | Found a faded altar of an unknown god.
  1994 | D:2      | Reached XP level 4. HP: 40/40 MP: 4/4
  2231 | D:3      | Gained mutation: You have sharp toenails. [potion of
                  | mutation]
  2791 | D:3      | XOM: god gift: wand of iceblast (4)
  2899 | D:3      | XOM: god gift: 13 arrows
  2951 | D:3      | Found a burning altar of Makhleb.
  3051 | D:3      | XOM: torment (18/37 hp)
  3254 | D:3      | XOM: draining
  3425 | D:4      | Identified a scroll of acquirement
  3425 | D:4      | Acquired the amulet "Ezxenu" {Spirit Regen+}
  3459 | D:4      | Noticed Robin
  3476 | D:4      | Killed Robin
  3513 | D:4      | Reached XP level 5. HP: 34/43 MP: 3/5
  3552 | D:4      | Noticed Sigmund
  3554 | D:4      | XOM: cast spell 'Shadow Creatures'
  3556 | D:4      | Reached skill level 1 in Shields
  3561 | D:4      | Reached skill level 5 in Axes
  3561 | D:4      | Found a sand-covered staircase.
  3566 | D:4      | Killed Sigmund
  3567 | D:4      | Reached XP level 6. HP: 19/53 MP: 2/6
  3579 | Ossuary  | Entered an ossuary
  3733 | Ossuary  | Reached skill level 6 in Axes
  3733 | Ossuary  | Your scales start taking on a pale cyan-grey colour.
  3733 | Ossuary  | Reached XP level 7. HP: 52/60 MP: 5/7
  3733 | Ossuary  | Gained mutation: You are immune to the effects of steam.
                  | [Pale Draconian growth]
  3931 | D:4      | Found a runed translucent door.
  3932 | D:4      | Noticed Crazy Yiuf
  4010 | D:4      | XOM: 3-stop teleportation journey
  4020 | D:4      | Found a white marble altar of Elyvilon.
  4059 | D:4      | Reached skill level 5 in Fighting
  4232 | D:4      | XOM: summons 7 friendly demons
  4405 | D:4      | Killed Crazy Yiuf
  4406 | D:4      | Reached skill level 7 in Axes
  4440 | D:5      | Entered Level 5 of the Dungeon
  4494 | D:5      | Noticed Duvessa
  4500 | D:5      | Killed Duvessa
  4500 | D:5      | Noticed Dowan
  4501 | D:5      | Reached XP level 8. HP: 63/68 MP: 6/8
  4504 | D:5      | Killed Dowan
  4645 | D:5      | Found a staircase to the Ecumenical Temple.
  4689 | D:5      | XOM: god gift: staff of death
  4955 | D:5      | XOM: 1-stop teleportation journey
  5112 | Temple   | Entered the Ecumenical Temple
  5320 | D:6      | XOM: summons 1 hostile demon
  5386 | D:6      | Identified the +12 battleaxe "Duamad" {pain, +Blink Will-
                  | rCorr Int+4}
  5431 | D:6      | Reached skill level 8 in Axes
  5439 | D:6      | Acquired the ring of the Lobster {*Slow rC+ EV+4 SInv}
  5714 | D:6      | Reached skill level 1 in Necromancy
  5855 | D:6      | XOM: 9-stop teleportation journey
  6164 | D:6      | Found a blossoming altar of Fedhas.
  6170 | D:6      | Found a hazy altar of Hepliaklqana.
  6518 | D:7      | Reached XP level 9. HP: 75/75 MP: 7/9
  6760 | D:7      | Reached skill level 9 in Axes
  7111 | D:8      | XOM: destruction
  7149 | D:8      | Noticed Erica
  7159 | D:8      | Killed Erica
  7197 | D:8      | Found Qaskicek's Antique Armour Shop.
  7202 | D:8      | Bought a brightly glowing buckler for 247 gold pieces
  7202 | D:8      | Identified the -1 buckler of the Butterfly {Will+ Str+4
                  | Dex+7} (You bought it in a shop on level 8 of the Dungeon)
  7316 | D:8      | Found Daaraixoru's Armour Shoppe.
  7316 | D:8      | Found Huli's Distillery.
  7323 | D:8      | Reached skill level 5 in Dodging
  7327 | D:8      | Found Iratepip's Book Shoppe.
  7332 | D:8      | Found Aviol's Distillery.
  7335 | D:8      | Noticed Psyche
  7343 | D:8      | Killed Psyche
  7344 | D:8      | Reached skill level 10 in Axes
  7402 | D:8      | Found Loeduis's Assorted Antiques.
  7414 | D:8      | Noticed a two-headed ogre
  7421 | D:8      | Killed a two-headed ogre
  7422 | D:8      | Reached XP level 10. HP: 86/86 MP: 10/10
  7467 | D:8      | XOM: give mutations
  7467 | D:8      | Gained mutation: You are frail. (-10% HP) [Xom's mischief]
  7467 | D:8      | Gained mutation: You are very frail. (-20% HP) [Xom's
                  | mischief]
  8072 | D:8      | Reached skill level 11 in Axes
  8112 | D:9      | Noticed a two-headed ogre
  8115 | D:9      | XOM: summons 5 friendly demons
  8115 | D:9      | Noticed a two-headed ogre
  8117 | D:9      | Found Heafowism's Lightly-Used Armoury.
  8118 | D:9      | XOM: enchant monster (good)
  8121 | D:9      | Found a flagged portal.
  8128 | D:9      | Noticed a cyclops
  8131 | Bailey   | Entered a bailey
  8151 | Bailey   | Noticed an orc warlord
  8267 | Bailey   | Noticed an orc knight
  8281 | Bailey   | Killed an orc knight
  8282 | Bailey   | Reached skill level 1 in Throwing
  8282 | Bailey   | Reached skill level 1 in Evocations
  8302 | Bailey   | XOM: scenery: create altars
  8374 | Bailey   | Found a runed translucent gate.
  8376 | Bailey   | Found a runed translucent gate.
  8377 | Bailey   | Found a runed translucent gate.
  8568 | Bailey   | XOM: summons 2 friendly demons
  8571 | Bailey   | Mangled by an orc warlord

Illustrated notes

Levels and vault maps discovered:
D:1:      dpeg_arrival_rooms_c, layout_basic
D:2:      layout_loops_ring, shapermc_ecumenical_altar_acropolis, basic_altar
D:3:      layout_basic, lightli_temple_of_fire
D:4:      layout_cave_pools, nicolae_elyvilon_peaceful_grove,
          lightli_ossuary_entry_decrepit_ruins, nrook_mini_vaults,
          minmay_vboxes, uniq_robin, uniq_sigmund, uniq_crazy_yiuf_cottage
D:5:      layout_basic, lemuel_temple_firewalk_a, uniq_duvessa
D:6:      layout_basic, minitemple, minmay_crystal_room, grunt_ministairs_9,
          minmay_checkerbox
D:7:      layout_basic, nrook_pool_corridor
D:8:      black_bear_nest_1, layout_layer_cave, serial_shops,
          nicolae_inconvenience_store, shop, minmay_shop_grid_forest,
          uniq_psyche, uniq_erica
D:9:      layout_layer_cave, erik_orc_4, enter_bailey_2, minmay_shop_damaged,
          hellmonk_bongcloud_opening, minivault_19, minmay_fire_ice_demons
Temple:   regret_index_temple_mists
Bailey:   bailey_axe_bossmonster_kennysheep, bailey

Skill      XL: |  1  2  3  4  5  6  7  8  9 10 |
---------------+-------------------------------+-----
Fighting       | 4 5 6 7 |  7.4
Axes           | 4 5 6 7 8 10 11 | 11.3
Shields        | 1 2 3 4 |  4.3
Dodging        | 3 4 5 |  5.3
Necromancy     | 2 4 |  4.9
Throwing       | 1 |  1.1
Evocations     | 1 |  1.1

Action                   |  1- 3 |  4- 6 |  7- 9 | 10-12 || total
-------------------------+-------+-------+-------+-------++-------
Melee: Hand axe          |   102 |    40 |       |       ||   142
       Tailslap          |     4 |    14 |    22 |     7 ||    47
       War axe           |       |   104 |    89 |       ||   193
       Kick              |       |    32 |    39 |    11 ||    82
       Battleaxe         |       |       |    73 |    55 ||   128
Throw: Javelin           |       |       |     4 |     4 ||     8
       Boomerang         |       |       |       |    24 ||    24
 Abil: Breathe Steam     |       |       |     4 |     1 ||     5
       Evoke Blink       |       |       |       |     1 ||     1
Evoke: Wand              |       |       |     4 |       ||     4
  Use: Scroll            |     3 |     1 |    15 |     3 ||    22
       Potion            |       |     3 |     4 |     4 ||    11
 Stab: Sleeping          |       |       |     1 |       ||     1
       Invisible         |       |       |       |     3 ||     3
Armor: Skin              |    47 |    60 |    57 |    14 ||   178
Dodge: Dodged            |    65 |    72 |   128 |    67 ||   332
Block: Kite shield       |       |    40 |    40 |       ||    80

Table legend: (Time is in decaauts)
 A = Elapsed time spent in this place.
 B = Non-inter-level travel time spent in this place.
 C = Inter-level travel time spent in this place.
 D = Time resting spent in this place.
 E = Time spent auto-exploring this place.
 F = Levels seen in this place.
 G = Mean time per level.
                   A        B        C        D        E       F      G
               +--------+--------+--------+--------+--------+-----+--------+
         Total |   8786 |   8539 |    247 |    627 |   6166 |  12 |  732.2 |
       Dungeon |   7830 |   7606 |    224 |    426 |   5905 |   9 |  870.0 |
        Temple |    210 |    187 |     23 |      0 |    168 |   1 |  210.0 |
       Ossuary |    293 |    293 |      0 |     24 |     93 |   1 |  293.0 |
        Bailey |    452 |    452 |      0 |    177 |      0 |   1 |  452.0 |
               +--------+--------+--------+--------+--------+-----+--------+

Top non-repeatable levels by time:
     D:3: 1192 daAuts
     D:1: 1133 daAuts
     D:2: 1121 daAuts
     D:6: 1043 daAuts
     D:8: 1040 daAuts
     D:4: 798 daAuts
     D:7: 762 daAuts
     D:5: 717 daAuts
  Bailey: 452 daAuts
 Ossuary: 293 daAuts
  Temple: 210 daAuts
     D:9: 21 daAuts
